AoeStats
← 暗夜惜黎

Coastal Forest

510925006Analyzed
4v4 RM · 10h ago on Oct 3, 2026· 32m 45s· 8 players
Game mode
Random Map
Map size
Large (8 player)
Population
200
Speed
Normal
Resources
Standard
Victory
Conquest
Starting age
Dark Age
Ending age
Imperial Age
RankedLock teamsTeams togetherTeam positionsShared explorationLock speedFull tech treeHidden civsTurbo modeCheats
Victory
Defeat
🇦🇷 Spanish · Argentina
677
+9
🇨🇳 Ethiopians · China
675
+9
🇨🇱 Malay · Chile
578
+13
🇦🇷 Bulgarians · Argentina
388
+19
🇨🇳 Huns · China
540
-14
🇨🇴 Khmer · Colombia
518
-13
🇺🇸 Maya · United States
495
-12
🇨🇳 Wei · China
475
-11
SHADOWBANN3D
12:23 Feudal Age
18:45 Double-Bit Axe
18:49 Horse Collar
19:52 Wheelbarrow
19:03 Town Watch
25:57 Castle Age
26:22 Crossbowman
27:33 Bow Saw
30:55 Hand Cart
31:02 Hand Cart
30:48 Town Patrol
32:37 Thumb Ring
32:04 Eagle Warrior
32:45 Squires
DVD7418
12:24 Feudal Age
15:22 Horse Collar
15:31 Double-Bit Axe
19:55 Castle Age
19:10 Gold Mining
19:12 Stone Mining
22:28 Forging
22:18 Scale Mail Armor
22:24 Scale Barding Armor
21:43 Light Cavalry
22:34 Bloodlines
23:13 Wheelbarrow
22:24 Loom
22:47 Heavy Plow
23:02 Bow Saw
24:14 Iron Casting
24:11 Husbandry
27:55 Hand Cart
31:58 Chain Mail Armor
32:49 Caravan
33:48 Gold Shaft Mining
33:49 Stone Shaft Mining
Elite Savage
ksksdhsf
9:03 Loom
10:49 Feudal Age
12:01 Double-Bit Axe
11:59 Horse Collar
16:56 Bloodlines
19:50 Scale Mail Armor
20:09 Scale Barding Armor
22:11 Forging
26:51 Castle Age
27:12 Light Cavalry
27:54 Husbandry
28:32 Iron Casting
28:18 Chain Barding Armor
Javitss
1:52 Loom
12:15 Feudal Age
14:36 Double-Bit Axe
19:42 Castle Age
23:46 Pikeman
27:05 Loom
31:11 Bow Saw
30:54 Gold Mining
30:54 Stone Mining
31:20 Forging
31:15 Scale Barding Armor
COBY
0:33 Loom
13:10 Feudal Age
15:56 Wheelbarrow
15:06 Town Watch
15:16 Double-Bit Axe
19:31 Horse Collar
26:20 Castle Age
29:02 Hand Cart
29:41 Squires
29:02 Pikeman
29:28 Arson
29:28 Gambesons
33:29 Fervor
33:33 Forging
33:14 Fletching
33:24 Padded Archer Armor
33:25 Scale Mail Armor
33:30 Scale Barding Armor
暗夜惜黎
12:24 Feudal Age
12:48 Horse Collar
12:56 Double-Bit Axe
15:37 Wheelbarrow
20:52 Town Watch
24:17 Castle Age
24:24 Gold Mining
26:30 Gold Shaft Mining
26:13 Hand Cart
26:32 Forging
26:29 Heavy Plow
26:43 Bow Saw
26:49 Squires
26:35 Arson
26:58 Caravan
27:42 Scale Mail Armor
34:37 Imperial Age
joaquin.alex98
7:07 Loom
18:57 Feudal Age
20:06 Wheelbarrow
19:24 Double-Bit Axe
24:18 Castle Age
22:17 Gold Mining
27:42 Pikeman
28:41 Fishing Lines
31:51 Squires
32:55 Bow Saw
Connection lost

Rejoining the realm…

Still unreachable

The connection could not be restored.

Session expired

The server has moved on; the page needs a fresh start.